 Dungeon Sprint DCSS version 0.28-a0-664-gc179e30c89 (webtiles) character file.

Game seed: 1910339971532497348

167 iamoutofideas the Cleaver (level 5, -23/46 HPs)
             Began as a Deep Dwarf Fighter on Oct 15, 2021.
             Was an Initiate of Makhleb.
             Annihilated by a two-headed ogre (24 damage)
             ... in the Dungeon (Sprint IX: "|||||||||||||||||||||||||||||").
             The game lasted 00:01:13 (253 turns).

iamoutofideas the Cleaver (Deep Dwarf Fighter)       Turns: 253, Time: 00:01:13

Health: -23/46     AC: 12    Str: 20    XL:     5   Next: 23%
Magic:  4/4        EV:  7    Int:  9    God:    Makhleb [......]
Gold:   0          SH:  4    Dex: 12    Spells: 4/4 levels left

rFire   . . .      SeeInvis .   a - +0 war axe
rCold   . . .      Faith    .   c - +0 buckler
rNeg    . . .      Spirit   .   q - +1 chain mail
rPois   .          Reflect  .   (no helmet)
rElec   .          Harm     .   (no cloak)
rCorr   .          Rampage  .   p - +0 pair of gloves
Will    .....      NoTele   +   o - +0 pair of boots
Stlth   ..........              (no amulet)
HPRegen 0.00/turn               (no ring)
MPRegen 0.09/turn               (no ring)

@: no status effects
A: damage resistance, heal wounds, sense surroundings 1, no regeneration
a: Heal Wounds, Renounce Religion


You were in the Dungeon.
You worshipped Makhleb.
Makhleb was noncommittal.
You visited 1 branch

Inventory:

Hand Weapons
 a - a +0 war axe (weapon)
 n - a +1 broad axe of freezing
Armour
 b - a +0 scale mail
 c - a +0 buckler (worn)
 o - a +0 pair of boots (worn)
 p - a +0 pair of gloves (worn)
 q - a +1 chain mail (worn)
Jewellery
 r - a +3 ring of intelligence
 s - a +3 ring of intelligence
Wands
 m - a wand of acid (10)
Scrolls
 j - 2 scrolls of blinking
 l - 2 scrolls of amnesia
Potions
 d - a potion of might
 e - 5 potions of curing
 g - a potion of haste
 h - 4 potions of magic
 i - a potion of berserk rage
 k - a potion of invisibility


   Skills:
 - Level 2.6 Fighting
 + Level 11.8 Axes
 - Level 3.2 Armour
 - Level 3.2 Shields


You had 4 spell levels left.
You didn't know any spells.
Your spell library was empty.

Dungeon Overview and Level Annotations

Branches:
Dungeon (1/1)

Altars:
Cheibriados
Dithmenos
Elyvilon
Fedhas
Gozag
Hepliaklqana
Kikubaaqudgha
Makhleb
Nemelex Xobeh
Okawaru
Qazlal
Ru
Sif Muna
Trog
Uskayaw
Vehumet
Wu Jian
Xom
Yredelemnul
Zin
The Shining One
Beogh
Jiyva
Lugonu


Innate Abilities, Weirdness & Mutations

You are resistant to damage.
You can heal yourself by infusing magical energy.
You passively map a small area around you.
You do not regenerate.


Message History

You block the two-headed ogre's attack.
You feel much better.
The orc priest invokes the aid of Beogh against you.
Beogh smites you!
Unknown command.
You feel much better. You block the two-headed ogre's attack.
The two-headed ogre barely misses you.
The orc priest looks braver for a moment.
Unknown command.
You hit the two-headed ogre but do no damage.
The two-headed ogre is lightly wounded.
The two-headed ogre hits you with a +0 giant spiked club.
The two-headed ogre completely misses you.
You hit the two-headed ogre.
The two-headed ogre is moderately wounded.
You completely miss the two-headed ogre.
The two-headed ogre is moderately wounded.
The two-headed ogre hits you with a +0 giant spiked club!!
The two-headed ogre hits you with a +0 giant spiked club!
* * * LOW HITPOINT WARNING * * *
Okay, then.
You feel much better.
The two-headed ogre hits you with a +0 giant spiked club!!
Ouch! That really hurt!
* * * LOW HITPOINT WARNING * * *
You block the two-headed ogre's attack.
Your magical essence is drained by the effort!
You feel much better. The two-headed ogre barely misses you.
The two-headed ogre hits you with a +0 giant spiked club.
You hit the two-headed ogre but do no damage.
The two-headed ogre is moderately wounded.
You slash the two-headed ogre!
The two-headed ogre is heavily wounded.
The two-headed ogre hits you with a +0 giant spiked club!
The two-headed ogre hits you with a +0 giant spiked club!!
* * * LOW HITPOINT WARNING * * *
You fail to use your ability.
The two-headed ogre hits you with a +0 giant spiked club!!
Ouch! That really hurt!
You die...

* ▓.▓
* ,
▓)▓
,▓.▓ ∩
▓.▓ *
* ▓.▓
* ▓.▓
*,
,▓.▓ ,
,▓.▓ *
▓@▓ *
, ▓O▓
* *
▓c▓ *
+*,▓{▓
, ,▓o▓
* ▓o▓
▓.▓ *,
▓+▓ ,


You could see a two-headed ogre, a centaur and 2 orc priests.

Vanquished Creatures
  A phantom (D)
  An ufetubus (D)
  An adder skeleton (D)
  An orc (D)
  A bat zombie (D)
  A giant cockroach (D)
  3 hobgoblins (D)
  A rat (D)
10 creatures vanquished.

Vanquished Creatures (others)
  A shadow (D)
1 creature vanquished.

Grand Total: 11 creatures vanquished

Notes
Turn   | Place    | Note
-------+----------+-------------------------------------------
     0 | D        | iamoutofideas the Deep Dwarf Fighter began the quest for
                  | the Orb.
     0 | D        | Reached XP level 1. HP: 20/20 MP: 1/1
    17 | D        | Reached skill level 3 in Axes
    24 | D        | Reached skill level 4 in Axes
   138 | D        | Noticed a phantom
   146 | D        | Killed a phantom
   147 | D        | Reached skill level 9 in Axes
   147 | D        | Reached XP level 2. HP: 13/27 MP: 2/2
   147 | D        | Reached XP level 3. HP: 16/33 MP: 3/3
   147 | D        | Reached XP level 4. HP: 20/40 MP: 4/4
   167 | D        | Found a snail-covered altar of Cheibriados.
   167 | D        | Found a shadowy altar of Dithmenos.
   167 | D        | Found a white marble altar of Elyvilon.
   167 | D        | Found a blossoming altar of Fedhas.
   167 | D        | Found an opulent altar of Gozag.
   168 | D        | Found a hazy altar of Hepliaklqana.
   169 | D        | Found a viscous altar of Jiyva.
   170 | D        | Found an ancient bone altar of Kikubaaqudgha.
   171 | D        | Found a corrupted altar of Lugonu.
   172 | D        | Found a burning altar of Makhleb.
   173 | D        | Found a sparkling altar of Nemelex Xobeh.
   174 | D        | Found an iron altar of Okawaru.
   175 | D        | Found a stormy altar of Qazlal.
   176 | D        | Found a sacrificial altar of Ru.
   177 | D        | Found a shimmering blue altar of Sif Muna.
   178 | D        | Found a bloodstained altar of Trog.
   179 | D        | Found a hide-covered altar of Uskayaw.
   180 | D        | Became a worshipper of Makhleb the Destroyer
   181 | D        | Found a radiant altar of Vehumet.
   182 | D        | Found an ornate altar of the Wu Jian Council.
   183 | D        | Found a shimmering altar of Xom.
   184 | D        | Found a basalt altar of Yredelemnul.
   185 | D        | Found a glowing silver altar of Zin.
   186 | D        | Found a glowing golden altar of the Shining One.
   234 | D        | Noticed a shadow
   234 | D        | Noticed a centaur
   234 | D        | Noticed a two-headed ogre
   236 | D        | Killed a shadow
   237 | D        | Reached skill level 11 in Axes
   237 | D        | Reached XP level 5. HP: 44/46 MP: 5/5
   252 | D        | HP: 1/46 [two-headed ogre (22)]
   253 | D        | Annihilated by a two-headed ogre

Illustrated notes

Levels and vault maps discovered:
D:        linesprint [early_d, line_temple, items_1, d_10, items_2, lair_1,
          lair_end, items_3, orc_1, orc_end, items_4, d_15, swamp_1, shoals_1,
          snake_1, spider_1, d_20, vaults_1, items_5, swamp_end, shoals_end,
          snake_end, spider_end, vaults_end, d_27, items_6, zot_1, zot_end,
          crypt_end, forest_end, elf_end, slime_end, tomb_end, abyss_end,
          pan_hell_end]

Skill      XL: |  1  2  3  4 |
---------------+-------------+-----
Axes           | 9 11 | 11.8
Fighting       | |  2.6
Armour         | |  3.2
Shields        | |  3.2

Action                   |  1- 3 |  4- 6 || total
-------------------------+-------+-------++-------
Melee: War axe           |    36 |    25 ||    61
 Abil: Heal Wounds       |       |     3 ||     3
  Use: Potion            |       |     3 ||     3
Armor: Scale mail        |    18 |     6 ||    24
       Chain mail        |       |     9 ||     9
Dodge: Dodged            |    16 |     9 ||    25
Block: Buckler           |     6 |     4 ||    10

Table legend: (Time is in decaauts)
 A = Elapsed time spent in this place.
 B = Non-inter-level travel time spent in this place.
 C = Inter-level travel time spent in this place.
 D = Time resting spent in this place.
 E = Time spent auto-exploring this place.
 F = Levels seen in this place.
 G = Mean time per level.
                   A        B        C        D        E       F      G
               +--------+--------+--------+--------+--------+-----+--------+
         Total |    265 |    265 |      0 |    100 |      0 |   1 |  265.0 |
       Dungeon |    265 |    265 |      0 |    100 |      0 |   1 |  265.0 |
               +--------+--------+--------+--------+--------+-----+--------+

Top non-repeatable levels by time:
       D: 265 daAuts
